 Dungeon Crawl Stone Soup version 0.22-a0-799-g88f5e90 (webtiles) character file.

64 iamserjio the Ducker (level 3, -2/19 HPs)
             Began as a Spriggan Monk on July 21, 2018.
             Slain by an orc
             ... wielding a +0 trident
              (4 damage)
             ... on level 4 of the Dungeon.
             The game lasted 00:04:26 (693 turns).

iamserjio the Ducker (Spriggan Monk)                 Turns: 693, Time: 00:04:27

Health: -2/19      AC:  2    Str:  7    XL:     3   Next: 91%
Magic:  4/4        EV: 21    Int: 11    God:
Gold:   108        SH:  0    Dex: 19    Spells: 2/2 levels left

rFire    . . .     SeeInvis +   a - +0 short sword
rCold    . . .     Gourm    .   (shield restricted)
rNeg     . . .     Faith    .   b - +0 robe
rPois    .         Spirit   .   (helmet restricted)
rElec    .         Reflect  .   (no cloak)
rCorr    .         Harm     .   (gloves unavailable)
MR       .....                  (boots unavailable)
Stlth    +++.......             (no amulet)
HPRegen  0.06/turn              (no ring)
MPRegen  0.09/turn              (no ring)

@: very quick
A: very small, unfitting armour, see invisible, herbivore, speed 3, slow
metabolism 2
a: no special abilities


You were on level 4 of the Dungeon.
You were not hungry.

You visited 1 branch of the dungeon, and saw 4 of its levels.

You collected 108 gold pieces.

Inventory:

Hand Weapons
 a - a +0 short sword (weapon)
Missiles
 g - 14 poisoned needles
Armour
 b - a +0 robe (worn)
Scrolls
 i - a scroll of enchant armour
Potions
 d - a potion of heal wounds
 f - a potion of haste {unknown}
 k - 2 potions of curing {unknown}
Comestibles
 c - 3 rations


   Skills:
 - Level 2.4 Fighting
 + Level 3.9 Short Blades
 + Level 5.2 Dodging
 * Level 5.2 Stealth


You had 2 spell levels left.
You didn't know any spells.
Your spell library was empty.

Dungeon Overview and Level Annotations

Branches:
Dungeon (4/15)
 Temple: D:4-7

Altars:


Innate Abilities, Weirdness & Mutations

You are very small and have problems with some larger weapons.
You are too small for most types of armour.
You have supernaturally acute eyesight. (SInv)
You are a herbivore.
You cover ground extremely quickly.
You need to consume almost no food.


Message History

You hit the giant cockroach but do no damage.
The giant cockroach is heavily wounded.
The giant cockroach closely misses you. The orc misses you.
The giant cockroach barely misses you.
An ogre comes into view. It is wielding a giant spiked club.
The ogre shouts!
The giant cockroach misses you.
You barely miss the hound skeleton.
The hound skeleton is heavily damaged.
The orc completely misses you. The hound skeleton barely misses you.
The giant cockroach bites you.
The orc hits you from afar with a trident.
* * * LOW HITPOINT WARNING * * *
The giant cockroach misses you. The worm completely misses you.
The giant cockroach barely misses you. The orc barely misses you.
The giant cockroach waves its antennae.
The hound skeleton barely misses you.
The orc hits you from afar with a trident.
You die...

********########################*
,,,,,,,,...........l..........?.,
,,,,,,,,.........#######.######**
******##########.## #......)#
#...........# #.......#
#.......w...## #.......#
#.......oZ...# #.......#
#......Os.@#.# #.......#
#..........#.###.......#
############Z.##.......#
#.......##### #.......# #.......#
##..###.# * ##.##*.# * #..#*.#


You could see an ogre, a worm, an orc, a giant cockroach and a hound skeleton.

Vanquished Creatures
  A hound skeleton (D:4)
  An adder (D:3)
  A dart slug (D:1)
  A leopard gecko (D:4)
  5 orcs (D:4)
  2 ball pythons
  2 bats
  2 giant cockroaches
  A goblin (D:2)
  3 hobgoblins
  4 jackals (D:1)
  3 kobolds
  3 frilled lizards (D:1)
  4 rats
33 creatures vanquished.

Notes
Turn   | Place    | Note
-------+----------+-------------------------------------------
     0 | D:1      | iamserjio the Spriggan Monk began the quest for the Orb.
     0 | D:1      | Reached XP level 1. HP: 11/11 MP: 2/2
    79 | D:1      | Reached XP level 2. HP: 16/16 MP: 3/3
   472 | D:3      | Reached skill level 5 in Dodging
   472 | D:3      | Reached XP level 3. HP: 5/19 MP: 4/4
   637 | D:4      | Reached skill level 5 in Stealth
   680 | D:4      | Noticed an ogre
   693 | D:4      | Slain by an orc

Vault maps used:
D:1:      erik_arrival_cave_to_civilisation
D:4:      first_ration, uniq_ijyb, uniq_robin

Skill      XL: |  1  2  3 |
---------------+----------+-----
Stealth        | 4 5 |  5.2
Dodging        | 5 |  5.2
Fighting       | |  2.4
Short Blades   | |  3.9

Action                   || total
-------------------------++-------
Melee: Short sword       ||   140
  Use: Scroll            ||     3
       Potion            ||     1
 Stab: Sleeping          ||     6
Armor: Robe              ||    10
Dodge: Dodged            ||   134

Table legend:
 A = Spawn XP
 B = Non-spawn XP
 C = Spawn XP percentage of total XP
 D = Spawn monster count
 E = Non-spawn monster count
 F = Spawn count percentage of total count
 G = Total turns spent on level
                    A         B        C        D         E        F      G
               +---------+---------+-------+---------+---------+-------+---------
         Total |       0 |      92 |   0.0 |       0 |      33 |   0.0 |   693
               +---------+---------+-------+---------+---------+-------+---------
           D:1 |       0 |      28 |   0.0 |       0 |      16 |   0.0 |   254
           D:2 |       0 |       9 |   0.0 |       0 |       5 |   0.0 |   101
           D:3 |       0 |      17 |   0.0 |       0 |       4 |   0.0 |   159
           D:4 |       0 |      38 |   0.0 |       0 |       8 |   0.0 |   179
               +---------+---------+-------+---------+---------+-------+---------
